[Event "ONJK 2024 ABC"]
[Site "Velp, Netherlands"]
[Date "2024.08.03"]
[Round "2.9"]
[White "Zhezheria, Maksym"]
[Black "De Rycke, Killian"]
[Result "0-1"]
[TimeControl "90 minutes + 30 seconds"]
[WhiteElo "1626"]
[BlackElo "1751"]

1. d4 e6 2. c4 d5 3. e3 c5 4. cxd5 exd5 5. Nf3 Nc6 6. Bb5 Nf6 7. Ne5 Bd7 8. Bxc6 Bxc6 9. Nxc6 bxc6 10.
dxc5 Bxc5 11. O-O O-O 12. Qc2 Qd6 13. a3 Ng4 14. g3 Ne5 15. Nd2 Bb6 16. b3 Qh6 17. Bb2 Ng4 18. Nf3 Rae8 19.
Rae1 Qh5 20. Qc3 Nf6 21. Nd2 Re6 22. e4 Rfe8 23. e5 Ng4 24. Nf3 d4 25. Qc2 Nxe5 26. Nxe5 Rxe5 27. Rxe5 Qxe5 28.
Qxc6 h6 29. Qa4 Qe4 30. Qb4 Qd5 31. Rc1 d3 32. Qg4 g6 33. Rc8 Bd8 34. Bc3 d2 35. Bxd2 Qxd2 36. Kg2 Qd5+ 37. Kh3 Qxb3 38.
Qd4 Qe6+ 39. Qg4 Qxg4+ 40. Kxg4 h5+ 41. Kf3 Kf8 42. a4 Bb6 43. Rc4 Rd8 44. Ke2 Rd4 45. Rxd4 Bxd4 46. f3 Ke7 47.
Kd3 Bg1 48. h3 Kd6 49. Ke4 Ke6 50. g4 h4 51. Kf4 Kd5 52. Kg5 Ke5 53. f4+ Ke4 54. Kf6 Kxf4 55. Kxf7 g5 56. Kg6 Be3 57.
a5 Kg3 58. Kf5 Kxh3 0-1

[Event "ONJK 2024 ABC"]
[Site "Velp, Netherlands"]
[Date "2024.08.03"]
[Round "2.10"]
[White "Sapulette, Jay-Giani"]
[Black "Bosma, Jonathan"]
[Result "1-0"]
[TimeControl "90 minutes + 30 seconds"]
[WhiteElo "1746"]
[BlackElo "1668"]

1. e4 c5 2. Nf3 g6 3. d4 cxd4 4. Nxd4 Bg7 5. c4 Nc6 6. Be3 Nf6 7. Nc3 O-O 8. Be2 e6 9. Ndb5 a6 10.
Nd6 Ne8 11. O-O Nxd6 12. Qxd6 Re8 13. f4 f5 14. e5 Bf8 15. Qd2 d6 16. exd6 Qxd6 17. Qxd6 Bxd6 18. c5 Bc7 19. Rad1 e5 20.
Bc4+ Be6 21. Nd5 Bd8 22. Nb6 Bxb6 23. Bxe6+ Rxe6 24. cxb6 e4 25. Rd7 Rd8 26. Rxd8+ Nxd8 27. Rd1 Nc6 28.
Bc5 Nb8 29. Rd8+ Kf7 30. Rxb8 Rc6 31. Rxb7+ Ke6 32. Rc7 1-0

[Event "ONJK 2024 ABC"]
[Site "Velp, Netherlands"]
[Date "2024.08.03"]
[Round "2.11"]
[White "Janssen, Thijn"]
[Black "Henckens, Elof"]
[Result "0-1"]
[TimeControl "90 minutes + 30 seconds"]
[WhiteElo "1465"]
[BlackElo "1707"]

1. e4 e5 2. Nf3 Nf6 3. Bc4 Nxe4 4. Nc3 Nf6 5. Nxe5 d5 6. Qe2 Be7 7. Bb3 O-O 8. d4 Re8 9. O-O c6 10.
Re1 Bb4 11. Qf3 h6 12. Bd2 Be6 13. a3 Bxc3 14. Bxc3 Ne4 15. Rad1 Nd7 16. h3 Ndf6 17. Qd3 Nxc3 18. Qxc3 Ne4 19. Qe3 Kh7 20. c3 f6 21. Ng4 Kh8 22. f3 Nd6 23. Qf4 h5 24.
Nf2 Qd7 25. Qh4 Bf5 26. g4 Bg6 27. gxh5 Bh7 28. h6 g5 29. Qh5 Nf5 30. Ng4 Rf8 31. Kf2 Nh4 32. Ne5 fxe5 33. Re3 e4 34.
Rde1 Nxf3 35. Rxf3 Rxf3+ 36. Ke2 Qxh3 37. Qxg5 Qg3 38. Qe7 Qf2+ 39. Kd1 Rd3+ 40. Kc1 Qxe1+ 41. Bd1 Qxd1# 0-1

[Event "ONJK 2024 ABC"]
[Site "Velp, Netherlands"]
[Date "2024.08.03"]
[Round "2.12"]
[White "Kool, Jesper"]
[Black "Helderman, Faas"]
[Result "1-0"]
[TimeControl "90 minutes + 30 seconds"]
[WhiteElo "1823"]
[BlackElo "1603"]

1. e4 c6 2. d4 d5 3. exd5 cxd5 4. c4 Nf6 5. Nc3 g6 6. cxd5 Nxd5 7. Bc4 Nb6 8. Bb3 Bg7 9. Nf3 O-O 10.
O-O Nc6 11. d5 Na5 12. Bg5 Nxb3 13. Qxb3 Bg4 14. d6 Qxd6 15. Nb5 Qd5 16. Bxe7 Rfc8 17. Nxa7 Qxb3 18. axb3 Re8 19. Bc5 Bxf3 20.
gxf3 Nd7 21. Be3 Bxb2 22. Rad1 Nf8 23. Nb5 Red8 24. Bb6 Rxd1 25. Rxd1 Ra1 26. Rxa1 Bxa1 27. Nd6 Nd7 28. Be3 b6 29.
Nc8 b5 30. b4 Bc3 31. Ne7+ Kf8 32. Nd5 Be5 33. Bg5 Bd6 34. Kf1 Ne5 35. Bf4 Kg7 36. Ke2 h6 37. Ke3 Nc4+ 38. Kd4 Bf8 39.
Kc3 g5 40. Be3 Bd6 41. h3 Kg6 42. Kb3 Kf5 43. Nc3 Nxe3 44. fxe3 Ke5 45. Nxb5 Be7 46. Nd4 Kd5 47. Kc3 Bf6 48.
b5 Kc5 49. Kd3 Kd5 50. Nf5 h5 51. Ng3 h4 52. Ne4 Bd8 53. b6 Bxb6 54. Nxg5 f6 55. Ne4 Ke5 56. f4+ Kf5 57. Nd2 Kg6 58. Nf3 Kh5 59. Ke4 Ba7 60. Nd4 Kg6 61.
Kf3 f5 62. Ke2 Bb6 63. Kd3 Bd8 64. Kc4 Kf6 65. Kd5 Be7 66. Nf3 Kg6 67. Ke6 Bc5 68. Nxh4 Kh5 69. Nxf5 Kg6 70. e4 1-0

[Event "ONJK 2024 ABC"]
[Site "Velp, Netherlands"]
[Date "2024.08.03"]
[Round "2.13"]
[White "Burger, Dominick"]
[Black "Zhao, Nick"]
[Result "0-1"]
[TimeControl "90 minutes + 30 seconds"]
[WhiteElo "1686"]
[BlackElo "1836"]

1. e4 e5 2. Nf3 Nc6 3. Bc4 Nf6 4. Nc3 Nxe4 5. Bxf7+ Kxf7 6. Nxe4 d5 7. Neg5+ Kg8 8. d3 h6 9.
Nh3 Bg4 10. Be3 Qf6 11. c3 Rd8 12. Qe2 d4 13. Bd2 Bc5 14. Nhg1 dxc3 15. Bxc3 Nd4 16. Bxd4 exd4 17. Qe4 Bf5 18. Qxb7 Kh7 19. Qb3 Rhe8+ 20. Kd2 Rb8 21. Qc2 Bb4+ 22. Kd1 Qa6 23. Qc4 Bxd3 24. Qxa6 Bxa6 25. Nh3 Be2+ 26. Kc1 Bxf3 27. gxf3 Re2 28.
a3 Bd6 29. b4 Rb6 30. Kd1 d3 31. Re1 Be5 32. Rb1 Rxe1+ 33. Kxe1 Bxh2 34. f4 Kg6 35. Kd2 Kf5 36. Kxd3 Kg4 37.
Ng1 Bxf4 38. Ne2 Bg5 39. Rf1 Kf3 40. Ng1 Kg2 41. Rb1 Rf6 42. f3 Re6 43. b5 Re3+ 44. Kd4 Rxa3 45. Ke4 Ra4+ 46.
Kd3 Rh4 47. Ne2 Kxf3 48. Rf1 Kg2 49. Rf7 Bf6 50. Rxc7 Rb4 51. Rc2 Kh3 52. Ng1 Kg4 53. Rg2+ Kf5 54. Rf2+ Ke6 55. Ra2 Rxb5 56.
Rxa7 Rb3+ 57. Ke2 Bd4 58. Ra6+ Rb6 59. Rxb6+ Bxb6 60. Nh3 Kf5 61. Kf3 g5 62. Kg3 g4 63. Nf4 Bc7 0-1

[Event "ONJK 2024 ABC"]
[Site "Velp, Netherlands"]
[Date "2024.08.03"]
[Round "2.14"]
[White "Meert, Maarin"]
[Black "Formanoy, David"]
[Result "1-0"]
[TimeControl "90 minutes + 30 seconds"]
[WhiteElo "1811"]
[BlackElo "1686"]

1. c4 e5 2. g3 Nc6 3. Bg2 Nf6 4. Nc3 Bc5 5. e3 a6 6. a3 d6 7. Nge2 O-O 8. O-O Bg4 9. b4 Ba7 10.
d3 Rb8 11. h3 Be6 12. Bb2 h6 13. Qd2 Qd7 14. Kh2 Rfe8 15. Rac1 Ne7 16. e4 c6 17. f4 Qc7 18. f5 Bd7 19.
g4 b5 20. cxb5 axb5 21. g5 hxg5 22. Qxg5 Nh7 23. Qg3 f6 24. Qg4 Rf8 25. Ng3 Be3 26. Nh5 Bh6 27. Rce1 Be8 28. Bc1 Bxh5 29.
Qxh5 Bxc1 30. Rxc1 Qd8 31. h4 Qe8 32. Bf3 Qxh5 33. Bxh5 Rfc8 34. Rfd1 Rb7 35. d4 Rd7 36. d5 Rdc7 37.
dxc6 Rxc6 38. Ne2 Rxc1 39. Rxc1 Kf8 40. Rxc8+ Nxc8 41. Nc3 Na7 42. Be2 Ke7 43. Nxb5 Nxb5 44. Bxb5 Kd8 45. Kg3 Nf8 46.
a4 Kc7 47. a5 Kb7 48. Kf3 Ka7 49. Be8 Nh7 50. Ke3 Ka6 51. Kd3 Nf8 52. Kc4 Kb7 53. Kd5 Kc7 54. b5 g5 55. fxg6 Nxg6 56.
Bxg6 f5 57. Bxf5 Kb7 58. h5 Ka7 59. h6 Kb7 60. h7 1-0

[Event "ONJK 2024 ABC"]
[Site "Velp, Netherlands"]
[Date "2024.08.03"]
[Round "2.15"]
[White "Hesse, Frederik"]
[Black "Roebers, Bregje"]
[Result "0-1"]
[TimeControl "90 minutes + 30 seconds"]
[WhiteElo "1684"]
[BlackElo "1796"]

1. d4 Nf6 2. Nf3 g6 3. Bf4 Bg7 4. c4 c6 5. Nc3 d5 6. e3 Bg4 7. h3 Bxf3 8. Qxf3 O-O 9. Bd3 e6 10.
O-O Nbd7 11. Bg5 Qb6 12. Qe2 c5 13. dxc5 Qxc5 14. cxd5 Nxd5 15. Nxd5 Qxd5 16. Be7 Rfe8 17. Ba3 a6 18.
Bc4 Qa5 19. Rfd1 Ne5 20. Bd3 Rad8 21. Rac1 b5 22. Rc5 Rc8 23. Rdc1 Rxc5 24. Rxc5 Rd8 25. Be4 Nd7 26. Rc6 b4 27.
Rxa6 Qe5 28. Bxb4 Qxe4 29. Bc3 Nc5 30. Ra5 Bxc3 31. bxc3 Qb1+ 32. Kh2 Ne4 33. Qf3 Rd1 34. g4 Rd2 35.
Rb5 Qf1 36. Rb8+ Kg7 37. Qxe4 Qxf2+ 38. Kh1 Rd1# 0-1

[Event "ONJK 2024 ABC"]
[Site "Velp, Netherlands"]
[Date "2024.08.03"]
[Round "2.16"]
[White "De Wit, Evan"]
[Black "Peeters, Yumi"]
[Result "1-0"]
[TimeControl "90 minutes + 30 seconds"]
[WhiteElo "1782"]
[BlackElo "1671"]

1. d4 d5 2. c4 e6 3. cxd5 exd5 4. Nc3 Nf6 5. Bg5 Bb4 6. a3 Ba5 7. e3 Be6 8. Bd3 Nc6 9. Nge2 h6 10.
Bh4 g5 11. Bg3 Qd7 12. b4 Bb6 13. Rc1 h5 14. h4 gxh4 15. Bxh4 Ng4 16. Nf4 Ne7 17. Qe2 Nf5 18. Bxf5 Bxf5 19.
f3 Nh6 20. Ncxd5 Ng8 21. Nf6+ Nxf6 22. Bxf6 Rh6 23. Nxh5 1-0

[Event "ONJK 2024 ABC"]
[Site "Velp, Netherlands"]
[Date "2024.08.03"]
[Round "2.17"]
[White "De Jong, Lode"]
[Black "Hardeman, Imara"]
[Result "1-0"]
[TimeControl "90 minutes + 30 seconds"]
[WhiteElo "1755"]
[BlackElo "1549"]

1. d4 d5 2. c4 c6 3. Nf3 Nf6 4. g3 Bg4 5. Ne5 Bf5 6. cxd5 cxd5 7. Nc3 e6 8. Qa4+ Nbd7 9. f3 h6 10.
e4 dxe4 11. fxe4 Bh7 12. Nxd7 Nxd7 13. Bg2 Be7 14. O-O O-O 15. Bf4 Nb6 16. Qd1 Bg5 17. Bxg5 Qxg5 18. Qe2 Rac8 19. Nb5 a6 20.
Nd6 Rc7 21. Qf3 Nc4 22. Rac1 Nd2 23. Qf4 Qxf4 24. gxf4 Rxc1 25. Rxc1 b5 26. Kf2 Rd8 27. Ke3 Nc4+ 28. Nxc4 bxc4 29.
Rxc4 Kf8 30. Bf1 Rb8 31. b3 Bg6 32. Ra4 Rc8 33. Bc4 Ke7 34. Rxa6 Rc7 35. a4 Kd7 36. a5 Kc8 37. Rb6 Ra7 38.
b4 Kc7 39. Ra6 Rb7 40. b5 Kb8 41. Rc6 Ka7 42. b6+ Kb8 43. Rd6 Kc8 44. Ba6 1-0

[Event "ONJK 2024 ABC"]
[Site "Velp, Netherlands"]
[Date "2024.08.03"]
[Round "2.18"]
[White "Van Ewijk, Abel"]
[Black "Dijkhuijsen, Thomas"]
[Result "1/2-1/2"]
[TimeControl "90 minutes + 30 seconds"]
[WhiteElo "1484"]
[BlackElo "1750"]

1. e4 c5 2. Nf3 d6 3. d4 cxd4 4. Nxd4 Nf6 5. Nc3 Nc6 6. Bb5 Bd7 7. Be3 Nxd4 8. Bxd7+ Qxd7 9. Bxd4 e5 10.
Be3 Be7 11. Bg5 O-O 12. O-O Rfe8 13. Qf3 Qg4 14. Qxg4 Nxg4 15. Bxe7 Rxe7 16. Nd5 Rd7 17. h3 Nf6 18. Nxf6+ gxf6 19.
c4 Rc8 20. b3 a5 21. Rfd1 b6 22. Rd5 Rc5 23. Rad1 Rc6 24. f3 Kf8 25. Kf2 Ke7 26. g4 Rc5 27. a4 Rd8 28. Kg3 Rxd5 29.
Rxd5 Kd7 30. Kh4 Rg8 31. Kh5 h6 32. Rb5 Kc6 33. h4 Rg6 34. b4 axb4 35. Rxb4 Rg8 36. Kxh6 Rh8 37. Kg7 Rxh4 38.
Kxf7 Rh8 39. Kxf6 Rf8 40. Kg7 Rxf3 41. g5 Rf4 42. g6 Rxe4 43. Kg8 Rg4 44. g7 e4 45. Rb3 e3 46. Rxe3 Rxc4 47.
Rg3 Rxa4 48. Kh7 Ra7 49. Rc3+ Kd5 50. Rd3+ Kc5 51. Rc3+ Kd5 52. Rd3+ Kc5 53. Rc3+ 1/2-1/2

[Event "ONJK 2024 ABC"]
[Site "Velp, Netherlands"]
[Date "2024.08.03"]
[Round "2.19"]
[White "Vogels, Mathijs"]
[Black "Kempkens, Mathilda"]
[Result "1-0"]
[TimeControl "90 minutes + 30 seconds"]
[WhiteElo "1732"]
[BlackElo "1530"]

1. e4 e5 2. Nf3 Nc6 3. Bc4 Bc5 4. c3 Nf6 5. d4 exd4 6. cxd4 Bb4+ 7. Bd2 Nxe4 8. Bxb4 Nxb4 9. Bxf7+ Kxf7 10.
Qb3+ d5 11. Ne5+ Ke6 12. Qxb4 Qf8 13. Qxf8 Rxf8 14. O-O Kd6 15. Na3 a6 16. f3 Ng5 17. Rfe1 b6 18. Rac1 Ne6 19. Rc6+ Ke7 20.
Ng4 Bd7 21. Rxc7 Kd6 22. Rc3 Nxd4 23. Rd3 Nf5 24. Nc4+ Kc5 25. Nce5 Be6 26. Rc1+ Kb5 27. Rb3+ Ka4 28. Rxb6 Nd4 29.
Rd1 Bxg4 30. Rxd4+ Ka5 31. Rdb4 Rfc8 32. fxg4 Rc2 33. Rb8 Ra7 34. R4b7 Rxb7 35. Rxb7 Re2 36. Nc6+ Ka4 37. Rb4# 1-0

[Event "ONJK 2024 ABC"]
[Site "Velp, Netherlands"]
[Date "2024.08.03"]
[Round "2.20"]
[White "Van Orden, Max"]
[Black "Georgopoulos, Mylo"]
[Result "0-1"]
[TimeControl "90 minutes + 30 seconds"]
[WhiteElo "1205"]
[BlackElo "1776"]

1. d4 e6 2. Bf4 Nf6 3. e3 c5 4. Nf3 Nc6 5. Bb5 Qa5+ 6. Nc3 Nd5 7. Qd2 Nxc3 8. Qxc3 Qxb5 9. O-O-O Nb4 10.
Qa3 c4 11. e4 Nd3+ 12. cxd3 Bxa3 13. bxa3 c3 14. Rd2 cxd2+ 15. Nxd2 b6 16. Kd1 Qxd3 17. Re1 Ba6 18. Be3 Rc8 19.
d5 Qc2# 0-1

[Event "ONJK 2024 ABC"]
[Site "Velp, Netherlands"]
[Date "2024.08.03"]
[Round "3.1"]
[White "Musabayeva, Diana"]
[Black "Elferink, Leon"]
[Result "1/2-1/2"]
[TimeControl "90 minutes + 30 seconds"]
[WhiteElo "1871"]
[BlackElo "1900"]

1. e4 e5 2. Nf3 Nc6 3. Bb5 a6 4.
Ba4 Nf6 5. O-O Nxe4 6. Re1 Nc5 7. Nxe5 Nxe5 8. Rxe5+ Be7 9. Bb3 Nxb3 10. axb3 d5 11. d4 Be6 12. Re1 O-O 13. Bf4 Rc8 14.
Qd3 Bd6 15. Qg3 Bxf4 16. Qxf4 Qd7 17. Nc3 Rfe8 18. Re2 Re7 19. Rae1 Rce8 20. f3 Bf5 21. Rxe7 Rxe7 22. Rxe7 Qxe7 23.
Kf2 Bxc2 24. Nxd5 Qd6 25. Qxd6 cxd6 26. Ne7+ Kf8 27. Nc8 Bxb3 28. Nxd6 Bd5 29. Nc8 1/2-1/2

[Event "ONJK 2024 ABC"]
[Site "Velp, Netherlands"]
[Date "2024.08.03"]
[Round "3.2"]
[White "Leenen, Boyd"]
[Black "Bernfeld, Ben"]
[Result "1-0"]
[TimeControl "90 minutes + 30 seconds"]
[WhiteElo "1921"]
[BlackElo "1438"]

1. d4 Nf6 2. c4 e6 3. Nf3 b6 4. Nc3 Bb4 5. Bg5 h6 6. Bh4 Bb7 7. e3 d6 8. Bd3 g5 9. Bg3 Ne4 10. Qa4+ Nc6 11. Bxe4 Bxc3+ 1-0

[Event "ONJK 2024 ABC"]
[Site "Velp, Netherlands"]
[Date "2024.08.03"]
[Round "3.3"]
[White "Rogozyanskiy, Alexander"]
[Black "Decraene, Lotus"]
[Result "1-0"]
[TimeControl "90 minutes + 30 seconds"]
[WhiteElo "1803"]
[BlackElo "1799"]

1. e4 c5 2. Nf3 d6 3. d4 cxd4 4. Nxd4 Nf6 5. Nc3 a6 6. Rg1 e5 7. Nb3 Be6 8. g4 Be7 9. g5 Nfd7 10.
Be3 Nc6 11. Qd2 b5 12. Nd5 Qb8 13. Nxe7 Kxe7 14. Rd1 Rd8 15. Nc1 Nb6 16. b3 Qc7 17. f3 Rac8 18. Qf2 Nd7 19. c3 Na5 20.
Ne2 Nb7 21. Qh4 Rh8 22. g6+ Nf6 23. gxf7 Kxf7 24. Bg5 Qe7 25. Bh3 Bxh3 26. Qxh3 Qe6 27. Qxe6+ Kxe6 28. Kd2 h6 29. Bxf6 Kxf6 30.
Ng3 g6 31. Nf1 Nc5 32. Ne3 Ne6 33. Nd5+ Kf7 34. Kc2 Rhd8 35. Rg2 Nf4 36. Nxf4 exf4 37. Rg4 g5 38. h4 Kf6 39. hxg5+ hxg5 40.
Rd5 Rc5 41. Rgxg5 Rdc8 42. Rxc5 Rxc5 43. Rxc5 dxc5 44. Kd3 Ke5 45. Ke2 Ke6 46. Kf2 Kf6 47. Kg2 Kg5 48. Kh3 c4 49. b4 Kh5 50.
e5 Kg5 51. e6 Kf6 52. e7 Kxe7 53. Kg4 Ke6 54. Kxf4 Kf6 55. Ke4 Ke6 56. f4 Kf6 57. f5 Kf7 58. Ke5 Ke7 59. f6+ Kf7 60.
Kf5 Kf8 61. Ke6 Ke8 62. f7+ Kf8 63. Kf6 a5 64. bxa5 b4 65. a6 1-0

[Event "ONJK 2024 ABC"]
[Site "Velp, Netherlands"]
[Date "2024.08.03"]
[Round "3.4"]
[White "Ganeshram, Nirupa"]
[Black "De Vries, Arjan"]
[Result "1/2-1/2"]
[TimeControl "90 minutes + 30 seconds"]
[WhiteElo "1695"]
[BlackElo "1843"]

1. e4 c5 2. Nf3 d6 3. c3 Nf6 4. Be2 Nc6 5. d3 g6 6. O-O Bg7 7. d4 cxd4 8. cxd4 e6 9. Nc3 O-O 10.
h3 e5 11. Be3 Bd7 12. a3 Nh5 13. d5 Ne7 14. Nd2 Nf4 15. Nc4 Nxh3+ 16. gxh3 Bxh3 17. Re1 f5 18. exf5 Nxf5 19. Qd3 b5 20.
Nd2 Nh4 21. Nce4 1/2-1/2

[Event "ONJK 2024 ABC"]
[Site "Velp, Netherlands"]
[Date "2024.08.03"]
[Round "3.5"]
[White "Faybish, Dana"]
[Black "Blokzijl, Ruben"]
[Result "1/2-1/2"]
[TimeControl "90 minutes + 30 seconds"]
[WhiteElo "1707"]
[BlackElo "1743"]

1. e4 c6 2. d4 d5 3. exd5 cxd5 4. Bd3 Nc6 5. c3 Nf6 6. h3 e5 7. dxe5 Nxe5 8. Nf3 Nxd3+ 9. Qxd3 Bd6 10.
O-O O-O 11. Bg5 h6 12. Bxf6 Qxf6 13. Qxd5 Rd8 14. Kh1 Bf8 15. Qe5 Qg6 16. Nbd2 Bd7 17. Nb3 Bd6 18. Qe3 Re8 19. Qd2 Bc6 20.
Nbd4 Bd5 21. Rad1 Be5 22. Rg1 Bxd4 23. Qxd4 Rad8 24. Qh4 Qc6 25. Nd4 Qd7 26. Nf3 Qc6 27. Qg4 Re4 28. Qxe4 Bxe4 29.
Rxd8+ Kh7 30. Nd4 Qf6 31. Re8 Bd5 32. f3 Bxa2 33. Ra1 Bd5 34. Rxa7 Qb6 35. Raa8 Qxb2 36. Rad8 Qc1+ 37. Kh2 Bc4 38.
Re7 Qf4+ 39. Kg1 1/2-1/2

[Event "ONJK 2024 ABC"]
[Site "Velp, Netherlands"]
[Date "2024.08.03"]
[Round "3.6"]
[White "Madularea, David"]
[Black "De Rycke, Killian"]
[Result "1-0"]
[TimeControl "90 minutes + 30 seconds"]
[WhiteElo "2190"]
[BlackElo "1751"]

1. d4 e6 2. c4 d5 3. Nf3 Nf6 4. g3 Bb4+ 5. Bd2 Bxd2+ 6. Nbxd2 Bd7 7. Bg2 O-O 8. O-O Nc6 9. Qc2 Ne7 10.
Rfd1 Rc8 11. e4 c5 12. Rac1 cxd4 13. e5 Ng4 14. h3 Nh6 15. Qd3 dxc4 16. Nxc4 Bb5 17. g4 Ng6 18. Qb3 Bxc4 19.
Rxc4 Rxc4 20. Qxc4 Qa5 21. Qxd4 Qxa2 22. h4 Qb3 23. Rd2 a6 24. h5 Ne7 25. Ng5 Nd5 26. Qe4 g6 27. hxg6 hxg6 28.
Nxe6 Nf6 29. exf6 Qxe6 30. Qxe6 fxe6 31. g5 Nf7 32. f4 b6 33. Re2 e5 34. fxe5 Nxg5 35. Bd5+ Kh7 36. Rh2+ 1-0

[Event "ONJK 2024 ABC"]
[Site "Velp, Netherlands"]
[Date "2024.08.03"]
[Round "3.7"]
[White "Henckens, Elof"]
[Black "Blok, Xaveer"]
[Result "1/2-1/2"]
[TimeControl "90 minutes + 30 seconds"]
[WhiteElo "1707"]
[BlackElo "1885"]

1. d4 d5 2. Bf4 c5 3. e3 Nc6 4. Nf3 e6 5. c3 Nf6 6. Nbd2 Bd6 7. Bg3 O-O 8. Bd3 b6 9. Ne5 Bb7 10.
Ndf3 Rc8 11. h4 Qc7 12. Bf4 Nd7 13. Nxd7 Qxd7 14. Ne5 Nxe5 15. dxe5 Bc7 16. Qg4 f6 17. exf6 Rxf6 18. Bg5 Rf7 19.
h5 e5 20. Qxd7 Rxd7 21. Bf5 Rf7 22. Bxc8 Bxc8 23. Bh4 e4 24. O-O-O Rf5 25. g4 Rf8 26. Rhg1 Be6 27. Rdf1 d4 28.
exd4 cxd4 29. cxd4 Bxa2 30. Bg3 Bd8 31. Kc2 Rf3 32. Re1 Bc4 33. Re3 Bd3+ 34. Kd2 Bg5 35. Rge1 1/2-1/2

[Event "ONJK 2024 ABC"]
[Site "Velp, Netherlands"]
[Date "2024.08.03"]
[Round "3.8"]
[White "Musabayev, Maxim"]
[Black "Sapulette, Jay-Giani"]
[Result "1-0"]
[TimeControl "90 minutes + 30 seconds"]
[WhiteElo "1824"]
[BlackElo "1746"]

1. e4 c5 2. Nf3 d6 3. d4 cxd4 4. Nxd4 Nf6 5. Nc3 g6 6. Be3 Bg7 7. f3 Nc6 8. Qd2 O-O 9. O-O-O a6 10.
g4 Bd7 11. Be2 b5 12. h4 h5 13. Rdg1 Nxd4 14. Bxd4 e5 15. Be3 Be6 16. Bg5 Kh7 17. gxh5 gxh5 18. f4 b4 19. Nd1 Rc8 20.
b3 Bxb3 21. axb3 Qa5 22. Qd3 Rc3 23. Nxc3 bxc3 24. Qxa6 Qxa6 25. Bxa6 Ra8 26. Bxf6 Bxf6 27. f5 Rxa6 28. Kb1 Bd8 29.
Rg3 Bb6 30. Rd1 Bf2 31. Rxc3 Bd4 32. Rxd4 exd4 33. Rd3 Kg7 34. Rxd4 Kf6 35. Rd5 Ke7 36. Kb2 Ra8 37. Kc3 Rg8 38.
f6+ Kxf6 39. Rxh5 Rg4 40. Kd4 Ke6 41. b4 f5 42. Rxf5 Rxh4 43. b5 Kd7 44. Rf7+ Kc8 45. Kd5 Rh2 46.
c4 Rc2 47. b6 Kb8 48. Rd7 Kc8 49. Rc7+ Kb8 50. Kxd6 Rb2 51. c5 Ka8 52. Kc6 Kb8 53. Re7 1-0

[Event "ONJK 2024 ABC"]
[Site "Velp, Netherlands"]
[Date "2024.08.03"]
[Round "3.9"]
[White "Balde, Esko"]
[Black "Frederiks, Jesse"]
[Result "1-0"]
[TimeControl "90 minutes + 30 seconds"]
[WhiteElo "1637"]
[BlackElo "1757"]

1. d4 Nf6 2. c4 g6 3. g3 Bg7 4.
Bg2 O-O 5. Nc3 d6 6. Nf3 Nbd7 7. O-O e5 8. e4 a5 9. h3 exd4 10. Nxd4 Nc5 11. Nb3 Nxb3 12. axb3 Be6 13. Qc2 Nd7 14.
Nd5 Bxd5 15. cxd5 b6 16. b4 Nf6 17. bxa5 bxa5 18. Bd2 a4 19. Rxa4 Qd7 20. Rfa1 Rxa4 21. Rxa4 Rb8 22. Ra7 Ne8 23.
Bc3 Bxc3 24. Qxc3 Qb5 25. Ra2 Qb4 26. Qxb4 Rxb4 27. Kf1 Kf8 28. Ke2 Ke7 29. Kd3 Nf6 30. Kc3 Rb7 31. e5 Nd7 32.
exd6+ Kxd6 33. Ra6+ Nb6 34. Bf1 Rb8 35. Kd4 Re8 36. b3 Re1 37. Bc4 Rd1+ 38. Kc3 Rh1 39. h4 Rh2 40. Ra2 f5 41.
Re2 Nxd5+ 42. Bxd5 Kxd5 43. Rd2+ Ke4 44. f3+ Kxf3 45. Rxh2 Kxg3 46. Rd2 f4 47. Kd3 Kxh4 48. Rh2+ Kg3 49.
Rxh7 g5 50. Rxc7 Kf3 51. b4 g4 52. b5 g3 53. b6 g2 54. Rg7 Kf2 55. b7 f3 56. b8=Q Kg1 57. Qb6+ Kf1 58. Qb1+ Kf2 59. Kd2 g1=Q 60.
Qxg1 1-0

[Event "ONJK 2024 ABC"]
[Site "Velp, Netherlands"]
[Date "2024.08.03"]
[Round "3.10"]
[White "Van Groning, Christian"]
[Black "Kool, Jesper"]
[Result "0-1"]
[TimeControl "90 minutes + 30 seconds"]
[WhiteElo "1778"]
[BlackElo "1823"]

1. e4 c5 2. Nf3 e6 3. Nc3 a6 4. d4 cxd4 5. Nxd4 Qc7 6. Bd3 Nf6 7. Bg5 Be7 8. Qe2 d6 9. h3 Nc6 10.
Nxc6 bxc6 11. O-O d5 12. exd5 cxd5 13. Bxf6 gxf6 14. Rfe1 Bb7 15. Qh5 O-O-O 16. Qxf7 e5 17. Bf5+ Kb8 18.
Rad1 d4 19. Ne4 Rdf8 20. Qe6 Rhg8 21. f3 Qxc2 22. Rd2 Qc7 23. Rd3 Bb4 24. Re2 Qc1+ 25. Kf2 Qc6 26. Qxc6 Bxc6 27. Rb3 a5 28.
Be6 Rg7 29. Bc4 Ba4 30. Rd3 f5 31. Nd2 e4 0-1

[Event "ONJK 2024 ABC"]
[Site "Velp, Netherlands"]
[Date "2024.08.03"]
[Round "3.11"]
[White "Hagen, Carlijn"]
[Black "Vagenende, Lars"]
[Result "1-0"]
[TimeControl "90 minutes + 30 seconds"]
[WhiteElo "1645"]
[BlackElo "1686"]

1. e4 e5 2. f4 exf4 3. Nf3 g5 4. Bc4 Bg7 5. O-O d6 6. d4 Nc6 7. c3 h6 8. Qc2 Nge7 9. Bd2 O-O 10.
Be1 d5 11. Bd3 dxe4 12. Bxe4 Nd5 13. Bxd5 Qxd5 14. h3 Bf5 15. Qd1 Rfe8 16. Nbd2 Bd3 17. Rf2 Ne7 18. Nb3 Bc4 19. Nfd2 Bxb3 20.
Qxb3 Qxb3 21. Nxb3 Nf5 22. Bd2 b6 23. Rd1 Re7 24. g4 Ng3 25. Nc1 Rae8 26. Nd3 Re2 27. Be1 Rxf2 28. Bxf2 Re2 29.
Bxg3 fxg3 30. Re1 Rd2 31. Re3 Bf8 32. Rxg3 Bd6 33. Rf3 Kg7 34. Kf1 c5 35. Ke1 Rh2 36. dxc5 bxc5 37. a3 c4 38.
Nf2 Rg2 39. Kd1 Bf4 40. h4 Rg1+ 41. Ke2 Bc1 42. hxg5 hxg5 43. Rf5 Kg6 44. Rb5 Rg3 45. Rb4 a5 46. Rb6+ f6 47. Rb5 Kf7 48.
Rb7+ Ke6 49. Rb6+ Kf7 50. Rb7+ Kg6 51. Rb5 Kf7 52. Rb7+ Ke8 53. Rb8+ Ke7 54. Rb6 Be3 55. Rb7+ Ke6 56.
Ne4 Rh3 57. Rb5 Bg1 58. Nd2 Rh2+ 59. Kd1 Rg2 60. Rxa5 Rxg4 61. Ra6+ Kf5 62. Rc6 Bh2 63. Nxc4 Rg1+ 64. Ke2 Rg2+ 65.
Kf3 Rc2 66. Ne3+ 1-0

[Event "ONJK 2024 ABC"]
[Site "Velp, Netherlands"]
[Date "2024.08.03"]
[Round "3.12"]
[White "Verhoog, Willem"]
[Black "Zootjes, Aaron"]
[Result "0-1"]
[TimeControl "90 minutes + 30 seconds"]
[WhiteElo "1674"]
[BlackElo "1639"]

1. Nf3 c5 2. c4 Nc6 3. e3 Nf6 4. b3 e6 5. Bb2 Be7 6. Be2 d5 7. d3 O-O 8. O-O d4 9. exd4 cxd4 10.
Nbd2 e5 11. Ng5 Bf5 12. Nde4 Nxe4 13. Nxe4 Bxe4 14. dxe4 Bc5 15. a3 a5 16. Qd3 Ne7 17. f4 Ng6 18. f5 Nf4 19. Rxf4 exf4 20.
Bc1 Qd6 21. Kh1 Qe5 22. Ra2 Rfe8 23. Bf3 Qxf5 24. Re2 Qe5 25. Qd2 Qd6 26. Qxf4 Qxf4 27. Bxf4 Bxa3 28. e5 a4 29. Bxb7 Rab8 30.
Bc6 Rxb3 31. Bxe8 Rb1+ 0-1

[Event "ONJK 2024 ABC"]
[Site "Velp, Netherlands"]
[Date "2024.08.03"]
[Round "3.13"]
[White "Zhao, Nick"]
[Black "De Wit, Evan"]
[Result "0-1"]
[TimeControl "90 minutes + 30 seconds"]
[WhiteElo "1836"]
[BlackElo "1782"]

1. d4 d5 2. c4 c6 3. Nf3 Nf6 4.
Nc3 e6 5. Bg5 Be7 6. e3 h6 7. Bf4 Nbd7 8. h3 O-O 9. c5 b6 10. b4 a5 11. a3 Ba6 12. Bxa6 Rxa6 13. O-O Qa8 14.
Bh2 Qa7 15. g4 axb4 16. axb4 Ra8 17. Rb1 Ra3 18. Qc2 bxc5 19. bxc5 Nxc5 20. dxc5 Bxc5 21. Rb3 Rxb3 22. Qxb3 Bxe3 23.
Ne5 Bb6 24. Nxc6 Qb7 25. Nd4 Qa7 26. Ncb5 Qa5 27. Nc6 Qa6 28. Ncd4 Ne4 29. Qb2 Bxd4 30. Nxd4 Qd3 31. Kg2 Ra4 32.
Ne2 Nd2 33. Rd1 Qe4+ 34. Kg1 Nf3+ 35. Kf1 Nxh2+ 36. Kg1 Nf3+ 37. Kf1 Qb4 38. Qc2 Qc4 39. Qd3 Qxd3 40. Rxd3 Ra1+ 0-1

[Event "ONJK 2024 ABC"]
[Site "Velp, Netherlands"]
[Date "2024.08.03"]
[Round "3.14"]
[White "De Jong, Lode"]
[Black "Meert, Maarin"]
[Result "1-0"]
[TimeControl "90 minutes + 30 seconds"]
[WhiteElo "1755"]
[BlackElo "1811"]

1. d4 d5 2. c4 c6 3. Nf3 Nf6 4.
g3 dxc4 5. Bg2 Bf5 6. O-O h6 7. Nc3 e6 8. Ne5 Nbd7 9. Nxc4 Nb6 10. Ne5 Rc8 11. e4 Bh7 12. a3 Be7 13. Be3 O-O 14.
Qe2 Nfd7 15. Rad1 Nxe5 16. dxe5 Qc7 17. f4 Rcd8 18. Rxd8 Rxd8 19. Kh1 a6 20. f5 Nd7 21. fxe6 Nxe5 22.
exf7+ Nxf7 23. Qc4 Bg6 24. Bh3 b5 25. Qb3 Rd3 26. Bf4 Bd6 27. Qe6 Bh5 28. Qe8+ Kh7 29. Bxd6 Nxd6 30. Qxh5 g6 31.
Qe2 Rd4 32. e5 Nc4 33. e6 Rd2 34. Rf7+ Qxf7 35. exf7 Rxe2 36. f8=Q Re1+ 37. Kg2 Ne3+ 38. Kf2 Rf1+ 39. Bxf1 1-0

[Event "ONJK 2024 ABC"]
[Site "Velp, Netherlands"]
[Date "2024.08.03"]
[Round "3.15"]
[White "Roebers, Bregje"]
[Black "Vogels, Mathijs"]
[Result "1-0"]
[TimeControl "90 minutes + 30 seconds"]
[WhiteElo "1796"]
[BlackElo "1732"]

1. e4 e5 2. Nc3 Nf6 3. f4 d6 4. Bc4 Nc6 5. Nf3 Be7 6. O-O O-O 7. d3 h6 8. a3 Na5 9. Ba2 b6 10.
Kh1 exf4 11. Bxf4 Bb7 12. Nd4 Bc8 13. b4 Nb7 14. Nc6 Qe8 15. Nd5 Nxd5 16. Bxd5 Bh4 17. Qh5 Bf6 18. d4 Be6 19.
Bxh6 g6 20. Qf3 Bg7 21. Bxg7 Kxg7 22. Qf6+ Kh7 23. Rf4 1-0